 Dungeon Crawl Stone Soup version 0.29.0-4-gdea44cf6ec (webtiles) character file.

Game seed: 2780006893523595276

15464 qw the Cleaver (level 12, -4/77 HPs)
             Began as a Gargoyle Berserker on Sept 4, 2022.
             Was a Priest of Trog.
             Killed from afar by an oklob plant (21 damage)
             ... with a splash of acid
             ... on level 2 of the Lair of Beasts.
             The game lasted 00:05:24 (17067 turns).

qw the Cleaver (Gargoyle Berserker)                Turns: 17067, Time: 00:05:25

Health: -4/77      AC: 15    Str: 31    XL:     12   Next: 27%
Magic:  0/12       EV:  8    Int:  9    God:    Trog [***...]
Gold:   719        SH:  5    Dex:  9    Spells: 11/11 levels left

rFire   . . .      SeeInvis .   Y - +0 war axe (freeze)
rCold   . . .      Faith    .   n - +0 buckler
rNeg    + . .      Spirit   +   e - +0 plate armour
rPois   inf        Reflect  .   (no helmet)
rElec   +          Harm     .   o - +0 cloak
rCorr   .          Rampage  .   (no gloves)
Will    .....                   i - +2 pair of boots {Fly}
Stlth   ..........              m - amulet of guardian spirit
HPRegen 0.22/turn               h - +6 ring of strength
MPRegen 0.13/turn               (no ring)

@: corroded, flying
A: sickness immunity, AC +8, negative energy resistance 1, electricity
resistance, torment resistance 1, petrification resistance
a: Renounce Religion, Berserk, Trog's Hand


You were on level 2 of the Lair of Beasts.
You worshipped Trog.
Trog was most pleased with you.
You visited 2 branches of the dungeon, and saw 12 of its levels.
You also visited: Ossuary.

You collected 719 gold pieces.


Innate Abilities, Weirdness & Mutations

You are immune to sickness and miasma.
Your stone body is resilient. (AC +8)
You are immune to poison.
You resist negative energy. (rN+)
You are resistant to electric shocks. (rElec)
You are resistant to unholy torment.
You are immune to petrification.


   Skills:
 - Level 10.0 Fighting
 + Level 13.5 Axes
 - Level 2.0 Throwing
 - Level 9.0 Armour
 - Level 2.0 Dodging
 - Level 6.1 Shields


You had 11 spell levels left.
You didn't know any spells.
Your spell library was empty.

Inventory:

Hand Weapons
 u - a +0 morningstar
 Y - a +0 war axe of freezing (weapon)
Missiles
 a - 3 boomerangs (quivered)
Armour
 e - a +0 plate armour (worn)
 i - a +2 pair of boots of flying (worn)
 n - a +0 buckler (worn)
 o - a +0 cloak (worn)
Jewellery
 b - a ring of fire
 h - a +6 ring of strength (left hand)
 m - an amulet of guardian spirit (around neck)
Scrolls
 l - 2 scrolls of identify
Potions
 c - 6 potions of curing
 f - a potion of resistance
 g - a potion of mutation
 k - a potion of might
 q - 2 potions of haste

Dungeon Overview and Level Annotations

Branches:
Dungeon (10/15)            Temple (0/1) D:7            Lair (2/5) D:10
  Snake (0/4) Lair:2          Orc (0/2) D:10        Ossuary (visited)
  Swamp: Lair:2-3    Shoals: Lair:2-3

Altars:
Cheibriados
Kikubaaqudgha
Makhleb
Nemelex Xobeh
Ru
Uskayaw

Shops:
D:8 :

Annotations:
D:5 3 runed translucent doors, qw's ghost, novice GrFi
D:8 1 runed translucent door


Message History

Enter note:
Enter note:
Enter note:
Enter note:
Enter note:
Enter note:
Enter note:
Enter note:
There is an escape hatch in the floor here.
There is a stone staircase leading up here.
The oklob plant spits acid at you. The splash of acid hits you!
The oklob plant spits acid at you. The splash of acid hits you!!
The acid corrodes you! The oklob plant spits acid at you.
The splash of acid hits you! The acid corrodes you!
The oklob plant spits acid at you. You block the splash of acid.
The oklob plant spits acid at you. The splash of acid hits you!!
The acid corrodes you!
17055 ||| DRINKING potion of cancellation.
Your magical effects are unravelling.
You feel magically purged.
You are no longer corroded.
The oklob plant spits acid at you. The splash of acid hits you!!
The acid corrodes you!
17057 ||| DRINKING potion of heal wounds.
You feel much better. The oklob plant spits acid at you.
You block the splash of acid. The oklob plant spits acid at you.
The splash of acid hits you but does no damage.
The acid corrodes you! The oklob plant spits acid at you.
The splash of acid hits you. The acid corrodes you!
The oklob plant spits acid at you. The splash of acid hits you.
The oklob plant spits acid at you. The splash of acid hits you!!
You die...

### ####### ###..
###########.##P.. P.....
.................
#...P....+#.##....#.#.###..
#.............#...####.##.#
##...#....#.#..#...# ####.#
#P...#.....@...P...## #.P
.##......PPP..#.......## #.#
.........[PPP(....#.....#####..
#...###...PPP..#..............P
.#........#......#.......##P#....
..........#............#.####...#
..........#.....#.......## #....
#........#.........#...## #....
.#.........##..P..#.#....# #....


You could see an oklob plant.

Vanquished Creatures
  A hydra (Lair:1)
  Erica (Lair:1)
  A cyclops (D:10)
  2 cane toads (Lair:1)
  2 rime drakes
  3 komodo dragons
  2 hornets (D:8)
  A troll (D:9)
  Grinder (D:6)
  2 polar bears
  Prince Ribbit (D:7)
  4 blink frogs (Lair:2)
  A vampire (D:10)
  A wyvern (Lair:2)
  5 yaks (D:10)
  4 steam dragons
  An acid dragon (D:10)
  3 nagas (Lair:2)
  Duvessa (D:5)
  10 water moccasins
  An ice beast (D:8)
  2 orc warriors
  5 black bears
  4 wolves (Lair:1)
  3 centaurs
  3 phantoms
  10 bullfrogs
  2 necrophages
  A kobold brigand (D:6)
  5 scorpions
  4 wights (D:7)
  Dowan (D:5)
  34 killer bees
  3 howler monkeys (D:8)
  3 hounds
  A gnoll bouda (D:4)
  4 orc priests
  5 iguanas
  5 orc wizards
  A mummy (Ossuary)
  18 gnolls
  10 adders
  2 shadow imps (D:7)
  2 white imps
  2 worms (D:2)
  4 dart slugs
  25 orcs
  2 spectral bats (Ossuary)
  6 endoplasms
  A giant cockroach (D:1)
  7 goblins
  6 hobgoblins
  12 kobolds
  9 quokkas
  6 ball pythons
  5 bats
  5 bat simulacra (Ossuary)
  2 frilled lizards
  12 gnoll zombies (Ossuary)
  3 goblin simulacra (Ossuary)
  7 goblin zombies (Ossuary)
  4 hobgoblin zombies (Ossuary)
  2 kobold simulacra (Ossuary)
  5 kobold zombies (Ossuary)
  2 orc zombies (Ossuary)
  6 rats
  2 rat simulacra (Ossuary)
  3 spectral goblins (Ossuary)
  5 spectral kobolds (Ossuary)
  2 spectral rats (Ossuary)
321 creatures vanquished.

Vanquished Creatures (collateral kills)
  Snorg (D:10)
  A hydra (Lair:1)
  An orc warrior (D:10)
  A bullfrog (D:10)
4 creatures vanquished.

Vanquished Creatures (others)
  54 fungi
  56 plants
110 creatures vanquished.

Grand Total: 435 creatures vanquished

Notes
Turn   | Place    | Note
-------+----------+-------------------------------------------
     0 | D:1      | qw the Gargoyle Berserker began the quest for the Orb.
     0 | D:1      | Reached XP level 1. HP: 14/14 MP: 1/1
     0 | D:1      | 0 ||| qw: Version: 0.1-a-103-gd6f5d3a
     0 | D:1      | 0 ||| qw: Game counter: 5606
     0 | D:1      | 0 ||| qw: Always use a shield: true
     0 | D:1      | 0 ||| qw: Do Orc after D:15 true
     0 | D:1      | 0 ||| qw: Do second Lair branch before Depths: true
     0 | D:1      | 0 ||| qw: Lair rune preference: random
     0 | D:1      | 0 ||| qw: Plans: Normal
     0 | D:1      | 0 ||| PLANNING D:1-11
   149 | D:1      | Reached skill level 3 in Axes
   255 | D:1      | Reached XP level 2. HP: 15/19 MP: 2/2
   562 | D:1      | 562 ||| Stepping ~*~*~tactically~*~*~ (stealth).
   710 | D:1      | 710 ||| Stepping ~*~*~tactically~*~*~ (stealth).
   904 | D:1      | 904 ||| DROPPING +0 club.
  1399 | D:1      | 1399 ||| UPGRADING to +0 leather armour.
  1409 | D:1      | 1409 ||| DROPPING +0 animal skin.
  1410 | D:1      | 1410 ||| READING scroll labelled BEDDEN KOSM.
  1411 | D:1      | 1411 ||| READING scroll labelled KUIPTIOHEU.
  1412 | D:1      | 1412 ||| READING scroll labelled TEFIGU OLOIC.
  1413 | D:1      | 1413 ||| READING scroll labelled ZAIFROOGIZ.
  1445 | D:2      | 1445 ||| INVOKING Berserk.
  1449 | D:2      | Reached XP level 3. HP: 23/23 MP: 3/3
  1452 | D:2      | 1452 ||| STAIRDANCE
  1628 | D:2      | 1628 ||| Stepping ~*~*~tactically~*~*~ (stealth).
  1711 | D:2      | Reached skill level 4 in Axes
  1743 | D:2      | Reached ** piety under Trog
  1746 | D:2      | 1746 ||| DROPPING +0 whip.
  1840 | D:2      | 1840 ||| UPGRADING to +0 scale mail.
  1850 | D:2      | 1850 ||| UPGRADING to +0 chain mail.
  1860 | D:2      | 1860 ||| DROPPING +0 scale mail.
  1861 | D:2      | 1861 ||| DROPPING +0 leather armour.
  1879 | D:2      | 1879 ||| Stepping ~*~*~tactically~*~*~ (hiding).
  1881 | D:2      | 1881 ||| INVOKING Berserk.
  1886 | D:2      | Reached XP level 4. HP: 14/28 MP: 4/4
  1890 | D:2      | HP: 9/42 [something (3)]
  1893 | D:2      | Reached skill level 5 in Axes
  1893 | D:2      | Reached XP level 5. HP: 10/32 MP: 5/5
  2175 | D:2      | You fall into a shaft and drop 1 floor!
  2190 | D:3      | 2190 ||| Stepping ~*~*~tactically~*~*~ (hiding).
  2850 | D:2      | 2850 ||| READING scroll labelled UCAOD ZYIWOC.
  2884 | D:3      | 2884 ||| STAIRDANCE
  2894 | D:3      | 2894 ||| STAIRDANCE
  3104 | D:3      | 3104 ||| Stepping ~*~*~tactically~*~*~ (stealth).
  3170 | D:3      | 3170 ||| Stepping ~*~*~tactically~*~*~ (hiding).
  3280 | D:3      | Found an ancient bone altar of Kikubaaqudgha.
  3288 | D:3      | Found a sparkling altar of Nemelex Xobeh.
  3388 | D:3      | 3388 ||| INVOKING Berserk.
  3712 | D:3      | Reached XP level 6. HP: 37/38 MP: 6/6
  3730 | D:3      | 3730 ||| INVOKING Berserk.
  4010 | D:3      | 4010 ||| Stepping ~*~*~tactically~*~*~ (stealth).
  4082 | D:3      | 4082 ||| Stepping ~*~*~tactically~*~*~ (stealth).
  4224 | D:3      | 4224 ||| UPGRADING to +0 buckler.
  4229 | D:3      | 4229 ||| UPGRADING to +0 cloak.
  4234 | D:3      | 4234 ||| READING scroll labelled QULEUP NUACURE.
  4235 | D:3      | 4235 ||| READING scroll labelled QIEXOO KAWKYWN.
  4236 | D:3      | 4236 ||| DRINKING 2 sapphire potions.
  4237 | D:3      | 4237 ||| READING 2 scrolls of identify.
  4237 | D:3      | 4237 ||| IDENTIFYING fizzy coppery potion
  4238 | D:3      | 4238 ||| DROPPING potion of flight.
  4335 | D:4      | 4335 ||| Stepping ~*~*~tactically~*~*~ (stealth).
  4337 | D:4      | 4337 ||| Stepping ~*~*~tactically~*~*~ (stealth).
  4338 | D:4      | 4338 ||| Stepping ~*~*~tactically~*~*~ (stealth).
  4339 | D:4      | 4339 ||| Stepping ~*~*~tactically~*~*~ (stealth).
  4423 | D:4      | Noticed a black bear
  4426 | D:4      | 4426 ||| INVOKING Berserk.
  4432 | D:4      | Killed a black bear
  4433 | D:4      | Reached skill level 6 in Axes
  4433 | D:4      | Reached XP level 7. HP: 43/43 MP: 7/7
  4560 | D:4      | Reached skill level 3 in Armour
  4946 | D:4      | Found a sacrificial altar of Ru.
  5131 | D:4      | Reached skill level 3 in Shields
  5160 | D:4      | 5160 ||| INVOKING Berserk.
  5478 | D:4      | 5478 ||| DROPPING +0 ring mail of willpower.
  5479 | D:4      | 5479 ||| UPGRADING to amulet of guardian spirit.
  5484 | D:4      | 5484 ||| READING scroll labelled ROEMUVUNIE.
  5485 | D:4      | 5485 ||| DRINKING 2 green potions.
  5486 | D:4      | 5486 ||| DROPPING potion of magic.
  5519 | D:5      | Entered Level 5 of the Dungeon
  5545 | D:5      | Reached skill level 7 in Axes
  5800 | D:5      | Reached XP level 8. HP: 40/49 MP: 6/8
  5856 | D:5      | Found a runed translucent gate.
  5856 | D:5      | Found a runed translucent gate.
  5856 | D:5      | Found a runed translucent gate.
  5856 | D:5      | Noticed qw's ghost (novice GrFi)
  5943 | D:5      | 5943 ||| INVOKING Berserk.
  6126 | D:5      | Reached skill level 1 in Throwing
  6405 | D:5      | Reached *** piety under Trog
  6441 | D:5      | 6441 ||| Stepping ~*~*~tactically~*~*~ (stealth).
  6443 | D:5      | 6443 ||| Stepping ~*~*~tactically~*~*~ (stealth).
  6445 | D:5      | 6445 ||| Stepping ~*~*~tactically~*~*~ (hiding).
  6446 | D:5      | 6446 ||| Stepping ~*~*~tactically~*~*~ (hiding).
  6447 | D:5      | 6447 ||| Stepping ~*~*~tactically~*~*~ (hiding).
  6458 | D:5      | Noticed Duvessa
  6459 | D:5      | 6459 ||| Stepping ~*~*~tactically~*~*~ (stealth).
  6466 | D:5      | 6466 ||| INVOKING Berserk.
  6468 | D:5      | Noticed Dowan
  6470 | D:5      | Killed Duvessa
  6471 | D:5      | Reached skill level 8 in Axes
  6476 | D:5      | Killed Dowan
  6770 | D:5      | 6770 ||| READING 2 scrolls labelled BUNTATETEM.
  6795 | D:5      | 6795 ||| READING 2 scrolls of identify.
  6795 | D:5      | 6795 ||| IDENTIFYING puce potion
  6796 | D:5      | 6796 ||| DROPPING potion of berserk rage.
  6806 | D:6      | 6806 ||| Stepping ~*~*~tactically~*~*~ (hiding).
  6815 | D:6      | 6815 ||| STAIRDANCE
  6879 | D:6      | 6879 ||| STAIRDANCE
  7011 | D:6      | 7011 ||| INVOKING Berserk.
  7016 | D:6      | Reached skill level 6 in Fighting
  7031 | D:6      | Noticed Grinder
  7032 | D:6      | 7032 ||| Stepping ~*~*~tactically~*~*~ (stealth).
  7033 | D:6      | 7033 ||| INVOKING Trog's Hand.
  7053 | D:6      | 7053 ||| INVOKING Berserk.
  7061 | D:6      | Killed Grinder
  7062 | D:6      | Reached XP level 9. HP: 56/56 MP: 7/9
  7223 | D:6      | 7223 ||| Stepping ~*~*~tactically~*~*~ (stealth).
  7229 | D:6      | 7229 ||| Stepping ~*~*~tactically~*~*~ (stealth).
  7338 | D:6      | 7338 ||| Stepping ~*~*~tactically~*~*~ (hiding).
  7349 | D:6      | 7349 ||| Stepping ~*~*~tactically~*~*~ (stealth).
  7353 | D:6      | 7353 ||| Stepping ~*~*~tactically~*~*~ (hiding).
  7358 | D:6      | 7358 ||| INVOKING Berserk.
  7509 | D:6      | 7509 ||| Stepping ~*~*~tactically~*~*~ (stealth).
  7512 | D:6      | Reached skill level 9 in Axes
  7899 | D:6      | 7899 ||| READING scroll labelled YZURAA HIWNA.
  7900 | D:6      | 7900 ||| READING 3 scrolls labelled BOIBAXACLE.
  7901 | D:6      | 7901 ||| DRINKING 2 golden potions.
  7902 | D:6      | 7902 ||| READING 2 scrolls of identify.
  7902 | D:6      | 7902 ||| IDENTIFYING smoky green potion
  7903 | D:6      | 7903 ||| DROPPING 2 scrolls of fog.
  7966 | D:7      | Found a staircase to the Ecumenical Temple.
  7968 | D:7      | 7968 ||| INVOKING Berserk.
  8150 | D:7      | 8150 ||| Stepping ~*~*~tactically~*~*~ (cloud).
  8151 | D:7      | 8151 ||| INVOKING Berserk.
  8198 | D:7      | 8198 ||| Stepping ~*~*~tactically~*~*~ (stealth).
  8200 | D:7      | 8200 ||| Stepping ~*~*~tactically~*~*~ (stealth).
  8284 | D:7      | 8284 ||| Stepping ~*~*~tactically~*~*~ (hiding).
  8288 | D:7      | 8288 ||| INVOKING Berserk.
  8545 | D:7      | 8545 ||| SWAPPING to +0 war axe.
  8546 | D:7      | 8546 ||| DROPPING +0 flail.
  8547 | D:7      | 8547 ||| DROPPING +1 hand axe.
  8610 | D:7      | 8610 ||| Stepping ~*~*~tactically~*~*~ (hiding).
  8613 | D:7      | 8613 ||| Stepping ~*~*~tactically~*~*~ (hiding).
  8621 | D:7      | 8621 ||| Stepping ~*~*~tactically~*~*~ (stealth).
  8659 | D:7      | 8659 ||| INVOKING Berserk.
  8964 | D:7      | Reached skill level 10 in Axes
  9065 | D:7      | Noticed Prince Ribbit
  9069 | D:7      | 9069 ||| INVOKING Berserk.
  9088 | D:7      | Killed Prince Ribbit
  9322 | D:7      | 9322 ||| Stepping ~*~*~tactically~*~*~ (hiding).
  9451 | D:7      | Reached XP level 10. HP: 63/63 MP: 10/10
  9453 | D:7      | 9453 ||| Stepping ~*~*~tactically~*~*~ (stealth).
  9835 | D:7      | 9835 ||| READING 2 scrolls labelled KEYBOA XIFE.
  9836 | D:7      | 9836 ||| DROPPING +0 morningstar.
  9837 | D:7      | 9837 ||| READING scroll of brand weapon.
  9837 | D:7      | 9837 ||| BRANDING +0 war axe of flaming.
  9894 | D:7      | 9894 ||| DROPPING +0 club.
  9926 | D:8      | Found Suhak's Book Emporium.
  9927 | D:8      | 9927 ||| PLANNING OSSUARY
  9957 | D:8      | 9957 ||| INVOKING Berserk.
 10229 | D:8      | Found a sand-covered staircase.
 10230 | D:8      | 10230 ||| UPGRADING to +0 pair of boots.
 10239 | Ossuary  | Entered an ossuary
 10245 | Ossuary  | 10245 ||| Stepping ~*~*~tactically~*~*~ (stealth).
 10247 | Ossuary  | 10247 ||| Stepping ~*~*~tactically~*~*~ (stealth).
 10259 | Ossuary  | 10259 ||| Stepping ~*~*~tactically~*~*~ (stealth).
 10260 | Ossuary  | Reached **** piety under Trog
 10261 | Ossuary  | 10261 ||| Stepping ~*~*~tactically~*~*~ (stealth).
 10263 | Ossuary  | 10263 ||| Stepping ~*~*~tactically~*~*~ (stealth).
 10266 | Ossuary  | 10266 ||| Stepping ~*~*~tactically~*~*~ (stealth).
 10382 | Ossuary  | 10382 ||| Stepping ~*~*~tactically~*~*~ (stealth).
 10392 | Ossuary  | 10392 ||| Stepping ~*~*~tactically~*~*~ (stealth).
 10486 | Ossuary  | 10486 ||| Stepping ~*~*~tactically~*~*~ (stealth).
 10512 | Ossuary  | 10512 ||| Stepping ~*~*~tactically~*~*~ (stealth).
 10518 | Ossuary  | Reached ***** piety under Trog
 10563 | Ossuary  | 10563 ||| READING scroll labelled JEACLY PIHUGG.
 10564 | Ossuary  | 10564 ||| READING 4 scrolls of identify.
 10564 | Ossuary  | 10564 ||| IDENTIFYING fuming pink potion
 10565 | Ossuary  | 10565 ||| READING 3 scrolls of identify.
 10565 | Ossuary  | 10565 ||| IDENTIFYING bubbling dark potion
 10566 | Ossuary  | 10566 ||| READING 2 scrolls of identify.
 10566 | Ossuary  | 10566 ||| IDENTIFYING sedimented yellow potion
 10567 | Ossuary  | 10567 ||| DROPPING potion of ambrosia.
 10571 | D:8      | 10571 ||| PLANNING D:1-11
 10726 | D:8      | Reached skill level 6 in Armour
 11152 | D:8      | Found a runed translucent door.
 11153 | D:8      | Found a burning altar of Makhleb.
 11153 | D:8      | Noticed a sixfirhy
 11487 | D:9      | 11487 ||| STAIRDANCE
 11532 | D:9      | 11532 ||| STAIRDANCE
 11689 | D:9      | 11689 ||| STAIRDANCE
 11717 | D:9      | 11717 ||| STAIRDANCE
 11893 | D:9      | Reached skill level 11 in Axes
 12069 | D:9      | 12069 ||| INVOKING Berserk.
 12257 | D:9      | 12257 ||| FLEEEEING.
 12258 | D:9      | 12258 ||| FLEEEEING.
 12259 | D:9      | 12259 ||| FLEEEEING.
 12260 | D:9      | 12260 ||| FLEEEEING.
 12261 | D:9      | 12261 ||| FLEEEEING.
 12262 | D:9      | 12262 ||| FLEEEEING.
 12263 | D:9      | 12263 ||| FLEEEEING.
 12264 | D:9      | 12264 ||| FLEEEEING.
 12265 | D:9      | 12265 ||| FLEEEEING.
 12266 | D:9      | 12266 ||| FLEEEEING.
 12267 | D:9      | 12267 ||| FLEEEEING.
 12268 | D:9      | 12268 ||| FLEEEEING.
 12269 | D:9      | 12269 ||| FLEEEEING.
 12270 | D:9      | 12270 ||| FLEEEEING.
 12274 | D:9      | 12274 ||| FLEEEEING.
 12275 | D:9      | 12275 ||| FLEEEEING.
 12276 | D:9      | 12276 ||| FLEEEEING.
 12277 | D:9      | 12277 ||| FLEEEEING.
 12278 | D:9      | 12278 ||| FLEEEEING.
 12279 | D:9      | 12279 ||| FLEEEEING.
 12280 | D:9      | 12280 ||| FLEEEEING.
 12281 | D:9      | 12281 ||| FLEEEEING.
 12282 | D:9      | 12282 ||| FLEEEEING.
 12283 | D:9      | 12283 ||| FLEEEEING.
 12284 | D:9      | 12284 ||| FLEEEEING.
 12287 | D:9      | 12287 ||| INVOKING Berserk.
 12425 | D:9      | 12425 ||| DROPPING +0 mace.
 12573 | D:9      | 12573 ||| READING 3 scrolls of identify.
 12573 | D:9      | 12573 ||| IDENTIFYING white potion
 12574 | D:9      | 12574 ||| READING 2 scrolls of identify.
 12574 | D:9      | 12574 ||| IDENTIFYING silvery potion
 12575 | D:9      | 12575 ||| DROPPING potion of brilliance.
 12576 | D:9      | 12576 ||| DROPPING potion of degeneration.
 12614 | D:10     | Entered Level 10 of the Dungeon
 12649 | D:10     | 12649 ||| Stepping ~*~*~tactically~*~*~ (stealth).
 12651 | D:10     | 12651 ||| Stepping ~*~*~tactically~*~*~ (stealth).
 12668 | D:10     | 12668 ||| INVOKING Berserk.
 12670 | D:10     | Reached skill level 9 in Fighting
 12888 | D:10     | 12888 ||| Stepping ~*~*~tactically~*~*~ (stealth).
 12950 | D:10     | Noticed Snorg
 12951 | D:10     | 12951 ||| INVOKING Brothers in Arms.
 12952 | D:10     | 12952 ||| INVOKING Brothers in Arms.
 12957 | D:10     | Reached XP level 11. HP: 40/71 MP: 7/11
 12960 | D:10     | 12960 ||| INVOKING Berserk.
 12975 | D:10     | HP: 17/71 [orc warrior/+0 scimitar (9)]
 12976 | D:10     | 12976 ||| READING scroll of teleportation.
 12977 | D:10     | 12977 ||| DRINKING 2 potions of heal wounds.
 12978 | D:10     | Found a staircase to the Lair.
 12979 | D:10     | Reached skill level 12 in Axes
 12979 | D:10     | 12979 ||| INVOKING Brothers in Arms.
 12980 | D:10     | HP: 17/71 [Snorg (7)]
 12981 | D:10     | 12981 ||| DRINKING potion of heal wounds.
 12981 | D:10     | HP: 7/71 [Snorg (9)]
 12981 | D:10     | HP: 1/71 [Snorg (6)]
 12982 | D:10     | Killed Snorg
 12983 | D:10     | Reached skill level 6 in Shields
 13292 | D:10     | Noticed a cyclops
 13293 | D:10     | 13293 ||| Stepping ~*~*~tactically~*~*~ (stealth).
 13301 | D:10     | 13301 ||| INVOKING Berserk.
 13303 | D:10     | Killed a cyclops
 13397 | D:10     | 13397 ||| Stepping ~*~*~tactically~*~*~ (stealth).
 13678 | D:10     | Found a hide-covered altar of Uskayaw.
 13798 | D:10     | Found a staircase to the Orcish Mines.
 13818 | D:10     | 13818 ||| INVOKING Berserk.
 14033 | D:10     | Found a snail-covered altar of Cheibriados.
 14246 | D:10     | 14246 ||| PLANNING LAIR
 14246 | D:10     | 14246 ||| UPGRADING to +0 plate armour.
 14256 | D:10     | 14256 ||| DROPPING +0 chain mail.
 14257 | D:10     | 14257 ||| UPGRADING to +2 pair of boots of flying.
 14267 | D:10     | 14267 ||| DROPPING +0 pair of boots.
 14268 | D:10     | 14268 ||| UPGRADING to +6 ring of strength.
 14308 | Lair:1   | Entered Level 1 of the Lair of Beasts
 14324 | Lair:1   | Noticed a seven-headed hydra
 14325 | Lair:1   | 14325 ||| INVOKING Brothers in Arms.
 14327 | Lair:1   | 14327 ||| SWAPPING to +0 morningstar.
 14328 | Lair:1   | 14328 ||| INVOKING Berserk.
 14331 | Lair:1   | Killed a seven-headed hydra
 14344 | Lair:1   | 14344 ||| SWAPPING to +0 war axe of freezing.
 14467 | Lair:1   | 14467 ||| INVOKING Berserk.
 14734 | Lair:1   | 14734 ||| INVOKING Berserk.
 14891 | Lair:1   | 14891 ||| INVOKING Berserk.
 15149 | Lair:1   | Noticed a five-headed hydra
 15150 | Lair:1   | 15150 ||| INVOKING Brothers in Arms.
 15151 | Lair:1   | 15151 ||| INVOKING Brothers in Arms.
 15151 | Lair:1   | Noticed Erica
 15152 | Lair:1   | 15152 ||| Stepping ~*~*~tactically~*~*~ (stealth).
 15153 | Lair:1   | 15153 ||| INVOKING Brothers in Arms.
 15155 | Lair:1   | 15155 ||| SWAPPING to +0 morningstar.
 15156 | Lair:1   | 15156 ||| INVOKING Berserk.
 15158 | Lair:1   | Killed a five-headed hydra
 15165 | Lair:1   | 15165 ||| SWAPPING to +0 war axe of freezing.
 15176 | Lair:1   | Killed Erica
 15288 | Lair:1   | 15288 ||| INVOKING Berserk.
 15416 | Lair:1   | 15416 ||| Stepping ~*~*~tactically~*~*~ (stealth).
 15426 | Lair:1   | 15426 ||| INVOKING Berserk.
 15431 | Lair:1   | Reached skill level 13 in Axes
 15728 | Lair:1   | Reached XP level 12. HP: 77/77 MP: 12/12
 15767 | Lair:1   | Identified the +6 flail "Tiq Monun" {holy, rPois Str+8
                  | Int-5}
 15769 | Lair:1   | 15769 ||| DROPPING +6 flail "Tiq Monun" {holy, rPois Str+8
                  | Int-5}.
 16012 | Lair:1   | 16012 ||| READING scroll labelled NOGICIONIA.
 16013 | Lair:1   | 16013 ||| DRINKING 2 lumpy golden potions.
 16035 | Lair:1   | 16035 ||| DRINKING 2 lumpy blue potions.
 16036 | Lair:1   | 16036 ||| READING 3 scrolls of identify.
 16036 | Lair:1   | 16036 ||| IDENTIFYING clear potion
 16037 | Lair:1   | 16037 ||| DROPPING potion of lignification.
 16038 | Lair:1   | 16038 ||| DROPPING potion of attraction.
 16065 | Lair:2   | 16065 ||| STAIRDANCE
 16078 | Lair:2   | 16078 ||| STAIRDANCE
 16124 | Lair:2   | 16124 ||| INVOKING Berserk.
 16136 | Lair:2   | Reached skill level 9 in Armour
 16272 | Lair:2   | 16272 ||| Stepping ~*~*~tactically~*~*~ (hiding).
 16272 | Lair:2   | Found a staircase to the Snake Pit.
 16279 | Lair:2   | 16279 ||| Stepping ~*~*~tactically~*~*~ (hiding).
 16486 | Lair:2   | 16486 ||| Stepping ~*~*~tactically~*~*~ (stealth).
 16490 | Lair:2   | 16490 ||| INVOKING Berserk.
 16593 | Lair:2   | 16593 ||| INVOKING Berserk.
 16614 | Lair:2   | 16614 ||| READING scroll of teleportation.
 16750 | Lair:2   | 16750 ||| INVOKING Berserk.
 17055 | Lair:2   | 17055 ||| DRINKING potion of cancellation.
 17056 | Lair:2   | HP: 10/77 [oklob plant/splash of acid (17)]
 17057 | Lair:2   | 17057 ||| DRINKING potion of heal wounds.
 17063 | Lair:2   | HP: 16/77 [oklob plant/splash of acid (5)]
 17067 | Lair:2   | Killed from afar by an oklob plant

Levels and vault maps discovered:
D:1:      dpeg_arrival_renting, layout_basic
D:2:      cheibrodos_pilgrimage, layout_loops_ring, serial_forest,
          infiniplex_forest_lined_1, infiniplex_forest_3_way,
          infiniplex_forest_lined_1, infiniplex_forest_clump_long,
          infiniplex_forest_lined_room_2, infiniplex_forest_lined_2,
          chequers_avenue
D:3:      layout_loops_ring, mainiacjoe_overflow_big_doors, grunt_ministairs_9,
          minmay_vboxes
D:4:      layout_loops_corners, amcnicky_altar_gilded, minivault_26
D:5:      layout_rooms, gammafunk_ghost_necromancy, roderic_lattice_a,
          uniq_duvessa
D:6:      layout_rooms, reono_crystal_passage, minmay_quadrilaterals,
          uniq_grinder
D:7:      layout_basic, minmay_temple_entry_proselytizer, minivault_1,
          uniq_prince_ribbit1
D:8:      layout_basic, nzn_makhleb_speed_demon, enter_ossuary_2,
          nicolae_stop_n_shop_2, corexii_corridor_pit
D:9:      layout_long_grid
D:10:     layout_loops_corners, nicolae_overflow_crystal_walls,
          mainiacjoe_overflow_boulevard, due_lair_maze_entry_diamond, uniq_snorg
Lair:1:   layout_layer_cave, nicolae_lair_grove_arrangements, st_stairs_8,
          lemuel_fruit_tree, grunt_megastairs_3, uniq_erica
Lair:2:   layout_chaotic_city, minmay_snake_entry_guardpost_small,
          chequers_serial_rivers_micro_a, minmay_lair_oklob_bushes

Skill      XL: |  1  2  3  4  5  6  7  8  9 10 11 12 |
---------------+-------------------------------------+-----
Axes           | 3 4 5 6 7 8 10 11 13 | 13.5
Fighting       | 4 5 6 7 9 10 | 10.0
Shields        | 2 3 4 5 6 |  6.1
Armour         | 3 4 5 6 8 9 |  9.0
Throwing       | 1 2 |  2.0
Dodging        | 2 |  2.0

Action                   |  1- 3 |  4- 6 |  7- 9 | 10-12 || total
-------------------------+-------+-------+-------+-------++-------
Melee: Hand axe          |   108 |   161 |   330 |       ||   599
       Punch             |       |     1 |       |       ||     1
       War axe           |       |       |    51 |   468 ||   519
       Morningstar       |       |       |       |     5 ||     5
Throw: Boomerang         |       |       |    55 |    84 ||   139
Invok: Berserk           |     2 |     3 |    11 |    18 ||    34
       Trog's Hand       |       |       |     1 |       ||     1
       Brothers in Arms  |       |       |       |     4 ||     4
  Use: Scroll            |     4 |     4 |     6 |    12 ||    26
       Potion            |       |     1 |     2 |     6 ||     9
Armor: Animal skin       |    16 |       |       |       ||    16
       Leather armour    |     9 |       |       |       ||     9
       Chain mail        |     4 |    92 |   180 |   309 ||   585
       Plate armour      |       |       |       |    77 ||    77
Dodge: Dodged            |    43 |    59 |   129 |   223 ||   454
Block: Buckler           |       |     5 |    52 |   107 ||   164

Table legend:
 A = Non-vault XP
 B = Vault XP
 C = Vault XP percentage of total XP
 D = Non-vault monster count
 E = Vault monster count
 F = Vault count percentage of total count
                 A         B        C        D         E       F
            +---------+---------+-------+---------+---------+-------
      Total |   16228 |    5864 |  26.5 |     227 |      98 |  30.2
            +---------+---------+-------+---------+---------+-------
        D:1 |      31 |       0 |   0.0 |      19 |       0 |   0.0
        D:2 |      55 |     158 |  74.2 |      23 |       7 |  23.3
        D:3 |      83 |      62 |  42.8 |      19 |      10 |  34.5
        D:4 |     525 |       0 |   0.0 |      17 |       0 |   0.0
        D:5 |     870 |     216 |  19.9 |      18 |       2 |  10.0
        D:6 |     563 |     600 |  51.6 |      20 |       5 |  20.0
        D:7 |    1662 |     318 |  16.1 |      28 |       2 |   6.7
        D:8 |    1825 |       0 |   0.0 |      24 |       0 |   0.0
        D:9 |     847 |       0 |   0.0 |      10 |       0 |   0.0
       D:10 |    2684 |    2268 |  45.8 |      20 |      12 |  37.5
     Lair:1 |    4457 |    1686 |  27.4 |      18 |       2 |  10.0
     Lair:2 |    2626 |     474 |  15.3 |      11 |       3 |  21.4
    Ossuary |       0 |      82 | 100.0 |       0 |      55 | 100.0
            +---------+---------+-------+---------+---------+-------
